 Dungeon Crawl Stone Soup version 0.31.0-12-g77e489cdc1 (webtiles) character file.

Game seed: 5552142268650066232

10490 Ashen the Grappler (level 11, -2/110 HPs)
             Began as a Troll Shapeshifter on Feb 14, 2024.
             Was a Follower of Uskayaw.
             Slain by a cane toad (21 damage)
             ... on level 1 of the Lair of Beasts.
             The game lasted 00:18:51 (8448 turns).

Ashen the Grappler (Troll Shapeshifter)             Turns: 8448, Time: 00:18:52

Health: -2/110     AC:  2    Str: 24    XL:     11   Next: 36%
Magic:  10/10      EV: 18    Int:  6    God:    Uskayaw [*.....]
Gold:   544        SH:  0    Dex: 19    Spells: 10/10 levels left

rFire   . .          .
                       - Unarmed
rCold   . . .        (shield currently unavailable)
rNeg    . . .        D - melded +0 troll leather armour
rPois   .            (helmet restricted)
rElec   .            (no cloak)
rCorr   .            (gloves unavailable)
SInv    .            (boots unavailable)
Will    .....        p - amulet of regeneration
Stlth   +            x - +6 ring of dexterity
HPRegen 1.98/turn    (no ring)
MPRegen 0.12/turn

%: no passive effects
@: lethally poisoned (-2 -> -41), about to teleport, flux-form, glowing
A: glow, contaminating, large, unfitting armour, claws 3, regeneration 1, shaggy
fur 1, tough skin 1
a: Begin Untransformation, Renounce Religion, Stomp


You were on level 1 of the Lair of Beasts.
You worshipped Uskayaw.
Uskayaw was noncommittal.
You were something dangerously unstable.
You visited 3 branches of the dungeon, and saw 12 of its levels.

You collected 784 gold pieces.
You spent 240 gold pieces at shops.

Inventory:

Missiles
 y - 4 throwing nets (quivered)
 J - 3 darts of dispersal
Armour
 w - a +0 cloak
 D - a +0 troll leather armour (melded)
 I - +0 acid dragon scales
Jewellery
 p - an amulet of regeneration (around neck)
 x - a +6 ring of dexterity (left claw)
 H - an amulet of reflection
Talismans
 c - a beast talisman
 d - a flux talisman (active)
 l - a blade talisman
 s - a dragon-blood talisman
Wands
 g - a wand of flame (20)
 u - a wand of charming (6)
Scrolls
 e - 2 scrolls of revelation {unknown}
 f - 4 scrolls of teleportation
 h - 3 scrolls of blinking {unknown}
 j - a scroll of torment {unknown}
 n - a scroll of noise {unknown}
 o - a scroll of butterflies {unknown}
 q - a scroll of amnesia {unknown}
 r - 2 scrolls of fog {unknown}
 t - a scroll of enchant weapon {unknown}
 A - a scroll of poison {unknown}
 E - 2 scrolls of vulnerability {unknown}
 F - 4 scrolls of identify
 K - a scroll of immolation {unknown}
Potions
 a - a potion of might {unknown}
 i - 4 potions of curing
 k - 4 potions of heal wounds
 m - a potion of mutation
 v - 2 potions of ambrosia
 z - a potion of enlightenment
 B - a potion of cancellation {unknown}
 C - 2 potions of invisibility {unknown}
 G - 3 potions of brilliance {unknown}
 L - a potion of haste {unknown}
 M - a potion of lignification
 N - a potion of attraction {unknown}
Miscellaneous
 b - a condenser vane (inert)


   Skills:
 + Level 7.6 Fighting
 + Level 7.8 Dodging
 + Level 9.6 Unarmed Combat
 + Level 8.9 Shapeshifting


You had 10 spell levels left.
You didn't know any spells.
Your spell library contained the following spells:

 Spells                   Type           Power      Damage    Failure   Level
 Apportation              Tloc           0%         N/A       45%         1
 Necrotise                Necr           0%         1d4       45%         1
 Sting                    Conj/Alch      0%         1d3       45%         1
 Summon Small Mammal      Summ           0%         N/A       45%         1
 Jinxbite                 Hex            0%         N/A       58%         2
 Fugue of the Fallen      Necr           0%         N/A       83%         3
 Gell's Gravitas          Tloc           0%         N/A       83%         3
 Hailstorm                Conj/Ice       0%         3d5       83%         3
 Ozocubu's Armour         Ice            0%         N/A       83%         3
 Summon Ice Beast         Ice/Summ       0%         N/A       83%         3
 Teleport Other           Tloc           0%         N/A       83%         3
 Anguish                  Hex/Necr       0%         N/A       99%         4
 Cause Fear               Hex            0%         N/A       99%         4
 Manifold Assault         Tloc           0%         N/A       99%         4
 Vhi's Electric Charge    Tloc/Air       0%         N/A       99%         4
 Alistair's Intoxication  Alch           0%         N/A       100%        5
 Arcjolt                  Conj/Air       0%         1d10      100%        5
 Dispersal                Tloc           0%         N/A       100%        6
 Plasma Beam              Fire/Air       0%         2x1d10    100%        6
 Sculpt Simulacrum        Ice/Alch       0%         N/A       100%        6
 Enfeeble                 Hex            0%         N/A       100%        7


Dungeon Overview and Level Annotations

Branches:
Dungeon (10/15)            Temple (1/1) D:7            Lair (1/5) D:10
    Orc: D:9-12

Altars:
Ashenzari
Cheibriados
Dithmenos
Elyvilon
Fedhas
Gozag
Hepliaklqana
Kikubaaqudgha
Makhleb
Nemelex Xobeh
Okawaru
Qazlal
Ru
Trog
Uskayaw
Vehumet
Wu Jian
Xom
Yredelemnul
Zin
The Shining One

Shops:
D:6 [

Annotations:
D:3 2 transporters, unihiutale's ghost, weakling OpDe
D:6 1 runed translucent door, TobyConnect's ghost, novice MiFi
D:7 2 runed translucent doors, Domino's ghost, novice HOFi
D:10 Lodul


Innate Abilities, Weirdness & Mutations

You are something dangerously unstable.
You glow with magical radiation, making you easy to see and hit.
Foes you strike become dangerously contaminated with magical radiation.
You are incapable of wielding weapons or throwing items.
You are too large for most types of armour.
You have claws for hands.
Your natural rate of healing is unusually fast.
You are covered in fur. (AC +1)
You have tough skin. (AC +1)


Message History

There is a stone staircase leading up here.
HP restored.
You climb upwards.
There is a stone staircase leading down here.
You start waiting.
The sentinel's mark upon you fades away.
You climb downwards.
Level annotation: Lodul
There is a stone staircase leading up here.
There is an open door here.
There is a staircase to the Lair, spattered with blood here.
You climb downwards.
Welcome back to the Lair of Beasts!
The black mamba barely misses you. The bullfrog hits you.
A bullfrog comes into view.
The black mamba bites you.
You are poisoned.
The black mamba poisons you! The cane toad stings you!!
The cane toad stings you. The bullfrog completely misses you.
The cane toad stings you! The black mamba bites you!
You are more poisoned.
The black mamba poisons you! The cane toad stings you.
You are more poisoned.
The cane toad poisons you! The cane toad stings you!
* * * LOW HITPOINT WARNING * * *
The bullfrog barely misses you.
A bullfrog comes into view.
The bullfrog moves out of view.
There is a staircase back to the Dungeon, spattered with blood here.
As you read the scroll of teleportation, it crumbles to dust.
You feel strangely unstable.
* * * LOW HITPOINT WARNING * * *
You feel extremely sick. The black mamba closely misses you.
A bullfrog comes into view.
The cane toad misses you. The bullfrog barely misses you.
The cane toad stings you.
* * * LOW HITPOINT WARNING * * *
You are more poisoned.
The cane toad poisons you! The cane toad stings you!!
You die...

....... #..... ###
#.....## ####...
.###......##.......
....P...#..........
...S...............
F.....FFS..........
F......pF..........
..F.#..F...........
. #.....##.#......
#.....#### ####.
#.....# #......#
#....... .........
#........


You could see a black mamba, 3 cane toads, a water moccasin and 4 bullfrogs.

Vanquished Creatures
  2 two-headed ogres
  A boulder beetle (D:8)
  Pikel (D:4)
  A black mamba (D:10)
  A troll (D:9)
  Grinder (D:5)
  2 wyverns
  2 wraiths
  3 steam dragons
  A vampire (D:10)
  6 yaks
  Eustachio (D:5)
  Menkaure (D:5)
  Edmund (D:3)
  2 acid dragons
  3 water moccasins
  4 orc warriors
  4 ice beasts
  2 black bears
  2 sky beasts
  An ogre (D:5)
  4 centaurs
  4 wolves (Lair:1)
  4 lemures
  2 kobold brigands
  3 bullfrogs (D:7)
  2 gnoll sergeants
  17 wights
  4 killer bees (D:7)
  8 howler monkeys
  2 bombardier beetles
  5 orc priests
  6 hounds
  3 jellies
  6 iguanas
  5 orc wizards
  A sleepcap (D:8)
  11 gnolls
  7 adders
  2 shadow imps
  A white imp (D:6)
  4 dart slugs
  3 ribbon worms (D:2)
  20 orcs
  6 ball pythons
  9 endoplasms
  3 giant cockroaches
  6 goblins
  8 hobgoblins
  4 jackals
  15 kobolds
  A quokka (D:4)
  2 bats
  3 frilled lizards
  4 rats (D:1)
227 creatures vanquished.

Notes
Turn   | Place    | Note
-------+----------+-------------------------------------------
     0 | D:1      | Ashen the Troll Shapeshifter began the quest for the Orb.
     0 | D:1      | Reached XP level 1. HP: 18/18 MP: 0/0
   207 | D:1      | Reached skill level 1 in Fighting
   213 | D:1      | Reached XP level 2. HP: 23/27 MP: 1/1
   290 | D:1      | You fall into a shaft and drop 1 floor!
   852 | D:2      | Reached XP level 3. HP: 32/33 MP: 2/2
  1670 | D:3      | Noticed unihiutale's ghost (weakling OpDe)
  1671 | D:3      | Found a transporter.
  1671 | D:3      | Noticed an ogre
  1671 | D:3      | Noticed an ogre
  2031 | D:3      | Reached XP level 4. HP: 27/41 MP: 3/3
  2244 | D:3      | Found a transporter.
  2590 | D:4      | Noticed a lemure
  2593 | D:4      | Reached XP level 5. HP: 45/49 MP: 4/4
  2593 | D:4      | Noticed Pikel
  2594 | D:4      | Noticed a lemure
  2601 | D:3      | Killed a lemure
  2673 | D:4      | Killed a lemure
  2717 | D:4      | Noticed a lemure
  2739 | D:4      | Killed a lemure
  2765 | D:4      | Noticed a lemure
  2797 | D:4      | Killed a lemure
  2849 | D:4      | Killed Pikel
  2850 | D:4      | Reached skill level 4 in Unarmed Combat
  2850 | D:4      | Reached XP level 6. HP: 61/61 MP: 5/5
  2850 | D:4      | Reached XP level 7. HP: 67/67 MP: 6/6
  2910 | D:4      | Found an ancient bone altar of Kikubaaqudgha.
  3146 | D:4      | Reached skill level 5 in Unarmed Combat
  3559 | D:5      | Entered Level 5 of the Dungeon
  3601 | D:5      | Noticed Eustachio
  3624 | D:5      | Killed Eustachio
  3625 | D:5      | Reached skill level 5 in Shapeshifting
  3698 | D:5      | Reached XP level 8. HP: 78/78 MP: 7/7
  3758 | D:5      | Noticed Edmund
  3789 | D:5      | Noticed Grinder
  3824 | D:5      | HP: 1/78 [Edmund/+1 flail of protection (9)]
  3918 | D:3      | Killed Edmund
  3953 | D:5      | Noticed Menkaure
  3965 | D:5      | Killed Menkaure
  3966 | D:5      | Reached skill level 6 in Unarmed Combat
  3991 | D:5      | Paralysed by Grinder for 3 turns
  3995 | D:5      | Killed Grinder
  4325 | D:6      | Found a runed translucent door.
  4353 | D:5      | Reached skill level 5 in Dodging
  4432 | D:6      | Reached XP level 9. HP: 87/87 MP: 8/8
  4500 | D:6      | Noticed TobyConnect's ghost (novice MiFi)
  4517 | D:6      | Found Soecw's Antique Armour Shop.
  4899 | D:6      | Reached skill level 5 in Fighting
  4901 | D:6      | Bought a troll leather armour for 240 gold pieces
  5001 | D:6      | Reached skill level 7 in Unarmed Combat
  5342 | D:7      | Found a large runed translucent door.
  5343 | D:7      | Found a large runed translucent door.
  5346 | D:7      | Noticed Domino's ghost (novice HOFi)
  5401 | D:7      | Found a staircase to the Ecumenical Temple.
  5424 | Temple   | Entered the Ecumenical Temple
  5494 | Temple   | Became a worshipper of Uskayaw the Reveller
  5595 | D:7      | Reached * piety under Uskayaw
  5614 | D:7      | Reached ** piety under Uskayaw
  5616 | D:7      | Reached *** piety under Uskayaw
  5669 | D:7      | Reached XP level 10. HP: 98/98 MP: 9/9
  5727 | D:7      | Reached **** piety under Uskayaw
  5804 | D:7      | Reached skill level 8 in Unarmed Combat
  6366 | D:8      | Noticed a two-headed ogre
  6372 | D:8      | Killed a two-headed ogre
  6846 | D:8      | Reached ***** piety under Uskayaw
  6850 | D:8      | Noticed a boulder beetle
  6857 | D:8      | Reached ****** piety under Uskayaw
  6869 | D:8      | Killed a boulder beetle
  7132 | D:9      | Reached skill level 9 in Unarmed Combat
  7407 | D:9      | Reached XP level 11. HP: 109/109 MP: 10/10
  7472 | D:9      | Found an opulent altar of Gozag.
  7889 | D:9      | Found a burning altar of Makhleb.
  7955 | D:10     | Entered Level 10 of the Dungeon
  8014 | D:10     | Found a stormy altar of Qazlal.
  8105 | D:10     | Noticed Lodul
  8105 | D:10     | Noticed a two-headed ogre
  8112 | D:10     | Killed a two-headed ogre
  8366 | D:10     | Found a staircase to the Lair.
  8378 | Lair:1   | Entered Level 1 of the Lair of Beasts
  8448 | Lair:1   | Slain by a cane toad

Illustrated notes

Levels and vault maps discovered:
D:1:      dpeg_arrival_morbid_curiosity, layout_basic, hangedman_decor_lopped
D:2:      layout_basic, dreamdust_mushroom_princess, minmay_indecisive_spiral
D:3:      minmay_chambers_of_twos, layout_basic, gammafunk_ghost_smash,
          feat_on_display
D:4:      layout_layer_cave, nicolae_kikubaaqudgha_miasma_corner, uniq_pikel
D:5:      layout_cave_pools, minmay_checkerbox, uniq_eustachio, uniq_edmund,
          uniq_menkaure, uniq_grinder
D:6:      cheibrodos_barr_body, layout_loops_ring,
          ebering_ghost_reflecting_pool, nicolae_wooded_promenade
D:7:      layout_loops_ring, temple_hall, serial_rivers,
          chequers_serial_rivers_large_b, chequers_serial_rivers_micro_e,
          chequers_serial_rivers_marsh, chequers_serial_rivers_micro_e,
          ebering_ghost_disaster_area
D:8:      layout_gridville, kennysheep_kite_vault
D:9:      layout_irregular_city, lightli_temple_of_fire,
          nicolae_gozag_cash_rules_everything_around_me, serial_rivers,
          chequers_serial_rivers_marsh, chequers_serial_rivers_micro_a,
          chequers_serial_rivers_micro_b, chequers_serial_rivers_micro_a,
          st_stairs_14
D:10:     layout_roguey, mainiacjoe_overflow_six_doors_small,
          overflow_temple_1_default, lair_entry_dummy, nzn_life_drinkers,
          uniq_lodul
Temple:   minmay_crystal_spiral_temple
Lair:1:   layout_hall_layers

Skill      XL: |  1  2  3  4  5  6  7  8  9 10 |
---------------+-------------------------------+-----
Fighting       | 1 2 3 4 6 7 |  7.6
Dodging        | 2 3 4 5 6 7 |  7.8
Unarmed Combat | 4 5 6 7 9 |  9.6
Shapeshifting  | 4 5 6 7 8 |  8.9

Action                     |  1- 3 |  4- 6 |  7- 9 | 10-12 || total
---------------------------+-------+-------+-------+-------++-------
  Melee: Unarmed           |    72 |    72 |   250 |   241 ||   635
         Punch             |     1 |     1 |     5 |       ||     7
  Evoke: Wand              |       |       |     6 |       ||     6
         Condenser vane    |       |       |       |     1 ||     1
    Use: Potion            |       |     1 |     2 |       ||     3
         Scroll            |       |       |     7 |     2 ||     9
   Stab: Sleeping          |     2 |       |     1 |       ||     3
         Paralysed         |       |       |     1 |    16 ||    17
 Armour: Animal skin       |    36 |    42 |   110 |       ||   188
         Skin              |       |    10 |    64 |   102 ||   176
         Troll leather arm |       |       |     2 |       ||     2
  Dodge: Dodged            |    30 |    30 |   168 |   226 ||   454
   Form: Flux              |       |       |     1 |       ||     1
